Map: Acropolis LE

Players

Cham

  • Race: Zerg Zerg
  • Spawn Location: 11:00

Bioice - Winner!

  • Race: Zerg Zerg
  • Spawn Location: 5:00

VOD

Have the link to the VOD?

Description

Time

  • Played on: Sept. 6, 2019, 1:48 p.m.
  • Length: 26:34
Show
View Real Time Build Order
Export as new Build Order

Cham Zerg 

Build Orders: Hatch First 

Get SALT Encoding   

  12  0:01  Drone  
  13  0:08  Drone  
  14  0:18  Overlord  
  14  0:36  Drone x2  
  16  0:47  Hatchery  
  15  0:52  Drone  
  15  0:55  Drone  
  17  0:59  Drone  
  18  1:10  Extractor  
  17  1:13  Spawning Pool  
  17  1:16  Drone  
  17  1:20  Drone  
  18  1:30  Drone  
  19  1:44  Drone  
  20  1:53  Drone  
  21  1:59  Drone  
  21  2:00  Queen x2  
  26  2:02  Overlord  
  26  2:10  Metabolic Boost  
  26  2:12  Drone  
  26  2:14  Drone  
  28  2:24  Drone  
  28  2:28  Drone  
  30  2:32  Hatchery  
  30  2:35  Zergling x2  
  30  2:38  Zergling x2  
  30  2:44  Baneling Nest  
  30  2:47  Overlord  
  30  2:50  Drone  
  31  2:53  Drone  
  33  2:58  Zergling x2  
  33  3:08  Zergling x2  
  33  3:09  Overlord  
  34  3:14  Drone x2  
  34  3:17  Drone  
  34  3:18  Overlord  
  38  3:20  Drone  
  38  3:24  Drone  
  38  3:26  Overlord  
  39  3:30  Overlord  
  39  3:33  Drone  
  39  3:38  Zergling x2  
  40  3:44  Overlord, Zergling x2  
  40  3:45  Evolution Chamber  
  40  3:46  Baneling x2  
  40  3:48  Zergling x2  
  40  3:54  Zergling x4  
  43  3:57  Zergling x4  
  43  4:00  Zergling x2  
  45  4:03  Zergling x6  
  45  4:06  Zergling x2  
  45  4:12  Roach Warren, Zerg Missile Weapons Level 1  
  45  4:13  Drone  
  45  4:14  Drone  
  46  4:19  Queen  
  46  4:22  Drone  
  49  4:24  Drone  
  49  4:26  Baneling x2  
  49  4:27  Drone  
  49  4:29  Drone  
  49  4:31  Drone  
  52  4:42  Drone  
  48  4:47  Zergling x4, Drone  
  48  4:48  Drone x3, Zergling x2  
  48  4:50  Queen  
  54  4:54  Zergling x2  
  54  4:59  Overlord  
  54  5:00  Drone x3  
  54  5:03  Zergling x4  
  54  5:06  Baneling x2  
  59  5:09  Zergling x2  
  59  5:10  Drone  
  59  5:14  Zergling x2  
  62  5:20  Queen x2  
  61  5:23  Baneling x3  
  61  5:26  Zergling x4, Queen  
  61  5:28  Zergling x2  
  64  5:31  Zergling x4  
  64  5:33  Zergling x2  
  64  5:34  Zergling x4  
  62  5:41  Drone  
  62  5:42  Drone x2  
  64  5:44  Drone x2  
  64  5:45  Extractor  
  64  5:46  Extractor  
  64  5:48  Drone  
  63  5:50  Drone  
  63  5:53  Drone  
  63  5:54  Baneling  
  65  6:04  Drone  
  65  6:05  Overlord, Drone x3  
  68  6:12  Overlord  
  68  6:13  Lair  
  68  6:15  Zerg Ground Armor Level 1  
  68  6:18  Drone  
  69  6:21  Drone x2  
  69  6:22  Drone  
  69  6:23  Drone  
  69  6:24  Drone  
  69  6:25  Drone  
  74  6:28  Roach  
  74  6:30  Roach x2  
  80  6:33  Extractor  
  80  6:37  Roach x2, Spine Crawler  
  80  6:39  Overlord  
  87  6:40  Roach x3  
  87  6:42  Drone  
  87  6:45  Drone x2  
  91  6:49  Roach  
  91  6:53  Drone  
  93  6:56  Roach  
  93  6:57  Roach x3  
  101  7:02  Extractor  
  101  7:03  Roach  
  101  7:05  Roach x2  
  101  7:08  Overlord, Drone  
  107  7:09  Overlord x2, Roach x2  
  111  7:18  Drone  
  111  7:20  Drone x2  
  111  7:21  Drone  
  115  7:23  Hatchery, Pneumatized Carapace  
  115  7:25  Hatchery  
  115  7:27  Glial Reconstitution  
  114  7:30  Overseer  
  114  7:36  Roach x2  
  114  7:37  Roach  
  120  7:42  Roach  
  120  7:43  Hatchery, Roach x2  
  125  7:48  Overlord  
  125  7:50  Roach x2  
  125  7:51  Roach x2  
  133  7:55  Roach x3  
  133  7:57  Roach x2  
  143  7:58  Overlord  
  143  8:06  Overlord  
  143  8:13  Extractor  
  143  8:14  Roach x2  
  143  8:16  Roach x3  
  143  8:17  Roach x2  
  143  8:18  Roach x2  
  160  8:22  Roach  
  162  8:29  Drone  
  162  8:30  Infestation Pit, Drone x2  
  162  8:32  Overlord  
  162  8:33  Overlord  
  164  8:34  Roach x2  
  164  8:37  Ravager  
  164  8:38  Ravager  
  170  8:47  Overlord  
  170  8:48  Overlord  
  168  8:49  Queen  
  168  8:53  Drone x2  
  168  8:55  Roach x3  
  177  8:56  Roach  
  177  9:01  Roach x2  
  177  9:02  Roach x2  
  185  9:05  Extractor  
  185  9:09  Zerg Missile Weapons Level 2  
  184  9:11  Roach x3  
  184  9:12  Overseer  
  190  9:19  Roach x2  
  190  9:20  Roach  
  196  9:27  Roach x2  
  198  9:31  Roach Warren  
  195  9:41  Roach x4  
  195  9:42  Roach  
  195  9:45  Hive  
  193  9:50  Ravager  
  193  9:51  Ravager x3  
  193  9:52  Drone x2  
  195  9:56  Roach x2, Spine Crawler  
  198  10:01  Roach  
  199  10:11  Hydralisk Den  
  188  10:17  Roach x7  
  189  10:26  Roach x3  
  164  10:31  Roach x2  
  164  10:33  Roach  
  148  10:39  Roach x3  
  134  10:44  Hydralisk  
  134  10:45  Hydralisk  
  134  10:48  Roach  
  121  10:51  Roach  
  121  10:55  Roach x2  
  117  11:01  Hydralisk x2  
  115  11:05  Spore Crawler  
  115  11:08  Roach  
  115  11:09  Roach  
  116  11:11  Hydralisk  
  116  11:18  Roach x2  
  116  11:20  Hydralisk  
  116  11:25  Hydralisk x2  
  120  11:31  Spore Crawler  
  120  11:32  Hydralisk  
  120  11:39  Hydralisk x2  
  126  11:43  Hydralisk x2  
  130  11:47  Hydralisk  
  130  11:50  Grooved Spines  
  132  11:57  Hydralisk x2  
  132  12:00  Hydralisk  
  138  12:04  Roach  
  138  12:09  Roach  
  138  12:10  Roach x2  
  138  12:13  Roach  
  138  12:15  Roach  
  148  12:19  Roach x2  
  152  12:23  Roach x2  
  154  12:39  Roach x3  
  154  12:40  Roach  
  154  12:41  Roach x3  
  154  12:42  Roach  
  170  12:47  Overlord  
  170  12:52  Overlord  
  170  13:02  Muscular Augments  
  166  13:12  Roach x4  
  152  13:13  Roach x3  
  152  13:15  Roach  
  152  13:16  Roach  
  152  13:17  Roach  
  152  13:18  Roach  
  124  13:22  Roach  
  112  13:32  Roach  
  112  13:34  Hydralisk  
  112  13:35  Hydralisk x2  
  112  13:38  Hydralisk  
  104  13:43  Hydralisk x2  
  102  13:49  Hydralisk x3  
  102  13:55  Hydralisk x2  
  106  14:09  Hatchery  
  105  14:11  Hydralisk  
  107  14:23  Zerg Missile Weapons Level 3  
  107  14:27  Roach x2  
  107  14:28  Roach  
  107  14:30  Roach  
  107  14:31  Roach  
  115  14:37  Overlord  
  115  14:40  Roach  
  115  14:41  Roach  
  115  14:44  Roach  
  121  14:48  Roach  
  121  14:52  Roach  
  125  14:53  Roach  
  125  14:58  Hydralisk  
  127  15:02  Hydralisk  
  128  15:10  Hydralisk  
  128  15:14  Hydralisk  
  129  15:17  Roach  
  127  15:21  Roach  
  127  15:28  Hydralisk  
  131  15:34  Roach  
  133  15:48  Hydralisk x2  
  133  15:49  Roach  
  141  15:50  Roach x2  
  141  15:55  Hydralisk x2, Spore Crawler  
  144  15:59  Roach  
  146  16:05  Roach x2  
  146  16:08  Roach  
  147  16:22  Roach  
  147  16:23  Roach x3  
  128  16:29  Roach  
  120  16:37  Roach  
  120  16:44  Drone x3  
  120  16:45  Roach  
  120  16:46  Burrow  
  125  16:51  Roach  
  127  16:55  Roach x2  
  131  17:05  Roach x2  
  131  17:06  Roach  
  137  17:09  Hydralisk  
  137  17:13  Hydralisk  
  141  17:20  Overlord x2  
  141  17:27  Zerg Ground Armor Level 2  
  141  17:35  Overlord x2  
  141  17:40  Roach  
  141  17:41  Roach x2  
  147  17:47  Overlord x2  
  147  17:49  Overlord  
  130  18:10  Hydralisk x3  
  130  18:11  Roach x24  
  130  18:14  Hydralisk x2  
  130  18:15  Hydralisk  
  130  18:16  Hydralisk  
  130  18:19  Hydralisk  
  136  18:24  Hydralisk  
  136  18:26  Roach  
  142  18:30  Roach  
  144  18:34  Roach x2  
  144  18:36  Roach x22  
  144  18:38  Roach  
  144  18:41  Roach  
  148  18:45  Roach  
  150  18:49  Roach x2  
  150  18:52  Roach  
  150  18:53  Roach  
  158  18:57  Roach  
  154  19:04  Roach x2  
  143  19:11  Roach x2  
  143  19:13  Roach  
  141  19:18  Roach  
  109  19:25  Roach  
  109  19:27  Roach  
  97  19:35  Roach  
  99  19:39  Roach  
  99  19:41  Roach x5  
  99  19:43  Roach  
  103  19:48  Roach  
  103  19:50  Roach  
  107  19:58  Drone x6  
  113  20:05  Drone, Roach  
  113  20:06  Drone  
  115  20:08  Roach  
  115  20:11  Roach  
  116  20:15  Roach  
  116  20:21  Roach  
  120  20:23  Roach x22  
  120  20:24  Roach  
  120  20:26  Roach x15  
  120  20:27  Roach x8  
  124  20:34  Roach x2  
  128  20:39  Roach x2  
  128  20:41  Roach  
  134  20:50  Roach x2  
  134  20:51  Roach  
  134  20:54  Roach  
  144  20:57  Roach x29  
  144  21:00  Roach  
  144  21:03  Roach  
  142  21:08  Roach  
  140  21:12  Roach x2  
  140  21:16  Roach  
  146  21:20  Roach  
  146  21:23  Roach  
  150  21:27  Roach  
  152  21:38  Roach  
  152  21:39  Roach x2  
  152  21:52  Hydralisk x3  
  152  21:53  Roach x32  
  158  21:55  Roach  
  158  21:57  Roach  
  150  22:03  Roach  
  150  22:08  Roach x32  
  150  22:09  Roach  
  150  22:11  Roach  
  154  22:16  Roach  
  154  22:17  Roach  
  154  22:20  Roach  
  160  22:25  Roach  
  160  22:29  Roach  
  164  22:35  Roach  
  168  22:37  Roach  
  168  22:45  Roach  
  168  22:49  Roach  
  172  22:53  Roach  
  172  22:55  Roach  
  176  23:04  Overlord  
  176  23:07  Overlord  
  176  23:25  Roach x4  
  180  23:30  Roach  
  180  23:31  Roach  
  184  23:35  Roach  
  186  23:42  Overlord  
  186  23:48  Overlord  
  186  23:58  Overlord  
  184  24:05  Roach x2  
  180  24:10  Roach  
  180  24:14  Roach  
  174  24:23  Roach x2  
  150  24:35  Roach x2  
  152  24:41  Roach  
  152  24:49  Roach  
  152  24:50  Roach  
  134  25:28  Hydralisk x4  
  130  25:29  Roach  
  130  25:31  Roach x15  
  130  25:33  Roach  
  140  25:38  Roach  
  140  25:41  Ravager  
  141  25:48  Roach  
  139  25:53  Roach  
  139  25:57  Roach  
  139  26:04  Roach  
Show
View Real Time Build Order
Export as new Build Order

Bioice Zerg - Winner!

Build Orders: Hatch First 

Get SALT Encoding   

  12  0:02  Drone  
  13  0:13  Overlord  
  13  0:18  Drone  
  14  0:31  Drone x2  
  16  0:41  Drone  
  17  0:52  Hatchery  
  17  0:55  Drone  
  17  0:58  Drone  
  17  1:01  Extractor  
  17  1:14  Spawning Pool  
  17  1:17  Drone  
  17  1:20  Drone  
  18  1:30  Drone  
  19  1:39  Drone  
  20  1:50  Overlord  
  20  2:06  Queen x2  
  24  2:09  Zergling x2  
  24  2:10  Zergling x2, Metabolic Boost  
  24  2:15  Drone x2  
  28  2:22  Drone  
  29  2:25  Drone  
  30  2:35  Hatchery  
  29  2:41  Overlord  
  29  2:47  Baneling Nest  
  29  2:50  Drone  
  29  2:51  Drone  
  29  2:56  Overlord  
  29  2:58  Drone  
  31  3:05  Drone x2  
  33  3:08  Drone  
  34  3:18  Zergling x4  
  36  3:24  Zergling x8  
  40  3:34  Overlord  
  40  3:37  Baneling x2  
  40  3:40  Drone x2  
  40  3:41  Queen  
  42  3:42  Drone  
  44  3:52  Overlord  
  44  3:55  Drone x2  
  46  3:57  Drone  
  45  4:05  Drone  
  45  4:06  Drone x5  
  45  4:09  Zergling x4  
  49  4:16  Zergling x4  
  51  4:21  Zergling x4  
  51  4:24  Roach Warren, Extractor x2  
  51  4:26  Zergling x4  
  51  4:27  Zergling x2  
  51  4:28  Zergling x2  
  51  4:29  Baneling  
  51  4:30  Baneling  
  54  4:31  Zergling x2  
  54  4:35  Zergling x2  
  54  4:37  Zergling x2  
  55  4:44  Zergling x6  
  54  4:47  Zergling x2  
  55  4:56  Overlord  
  55  4:57  Lair, Drone x2  
  55  4:58  Drone x2  
  56  5:00  Evolution Chamber  
  56  5:01  Drone x2  
  57  5:09  Overlord  
  57  5:10  Baneling  
  57  5:11  Drone  
  57  5:16  Drone x5  
  60  5:24  Baneling  
  60  5:25  Overlord  
  60  5:27  Drone  
  61  5:30  Drone x2  
  61  5:31  Drone x2  
  61  5:35  Overlord  
  63  5:40  Drone  
  63  5:41  Drone x6  
  69  5:46  Overlord, Drone  
  69  5:48  Zerg Missile Weapons Level 1  
  69  5:49  Extractor x2  
  68  5:52  Overlord  
  68  5:53  Evolution Chamber  
  68  5:57  Roach  
  69  5:58  Overlord  
  69  6:06  Roach  
  69  6:07  Roach x4  
  69  6:08  Overlord  
  69  6:09  Drone  
  79  6:14  Roach x3  
  83  6:29  Drone  
  83  6:30  Drone x3  
  85  6:33  Zerg Ground Armor Level 1  
  85  6:35  Drone x2  
  85  6:38  Queen  
  89  6:46  Roach  
  89  6:47  Roach x4  
  99  6:52  Glial Reconstitution  
  99  6:58  Roach x3  
  105  7:03  Hatchery  
  105  7:06  Roach  
  105  7:07  Roach x4  
  114  7:10  Overlord  
  114  7:12  Overseer  
  114  7:14  Roach  
  114  7:15  Roach  
  118  7:16  Overlord  
  118  7:23  Pneumatized Carapace  
  118  7:24  Overlord  
  118  7:32  Roach x5  
  128  7:44  Zerg Missile Weapons Level 2  
  128  7:49  Overlord  
  128  7:51  Drone x2  
  130  7:54  Drone  
  130  7:55  Spire  
  130  7:56  Drone x3  
  130  7:57  Extractor  
  132  8:06  Roach x9  
  132  8:12  Roach x3  
  156  8:23  Overlord, Drone  
  156  8:24  Drone x5  
  162  8:27  Drone  
  162  8:32  Roach x3  
  169  8:35  Extractor  
  169  8:38  Roach x3  
  169  8:39  Overlord x2  
  169  8:40  Extractor  
  173  8:56  Roach  
  173  8:57  Roach x4  
  173  8:58  Overlord x2  
  173  9:02  Overseer  
  183  9:12  Roach  
  183  9:13  Roach x7  
  188  9:41  Mutalisk x10  
  197  9:47  Mutalisk x2  
  189  9:53  Roach x6  
  195  10:01  Roach x2  
  185  10:16  Roach x7  
  185  10:17  Roach x4  
  185  10:22  Roach x2  
  185  10:26  Roach  
  162  10:31  Roach x6  
  144  10:37  Roach x2  
  144  10:38  Roach  
  144  10:39  Roach  
  136  10:43  Roach  
  121  10:51  Roach x2  
  117  10:59  Roach x2  
  117  11:02  Roach  
  123  11:06  Roach x2  
  127  11:17  Roach x5  
  137  11:26  Roach x3  
  137  11:33  Roach x3  
  137  11:39  Roach x2  
  145  11:43  Roach  
  145  11:44  Roach x2  
  151  11:57  Ravager x4  
  151  11:58  Ravager  
  151  11:59  Ravager  
  155  12:01  Roach  
  155  12:06  Hatchery  
  154  12:09  Roach  
  154  12:10  Roach x2  
  164  12:15  Roach x2  
  164  12:16  Roach  
  164  12:18  Roach  
  168  12:25  Roach x3  
  172  12:37  Roach  
  172  12:38  Roach x4  
  182  12:45  Roach x2  
  186  12:53  Overlord  
  148  13:14  Roach x10  
  148  13:18  Roach x2  
  148  13:19  Roach  
  142  13:26  Roach  
  116  13:36  Roach x3  
  116  13:38  Mutalisk x3  
  112  13:56  Mutalisk x3  
  112  13:59  Drone x3, Queen  
  123  14:04  Mutalisk  
  123  14:07  Drone  
  123  14:08  Drone  
  123  14:09  Drone  
  128  14:17  Roach x2  
  128  14:18  Roach  
  128  14:21  Roach  
  136  14:30  Mutalisk x2  
  140  14:34  Drone x2  
  140  14:35  Drone x3  
  145  14:38  Extractor  
  144  14:50  Mutalisk x2  
  144  14:51  Mutalisk  
  150  14:53  Overlord  
  148  15:01  Roach x3  
  142  15:19  Roach x6  
  152  15:22  Roach  
  152  15:23  Roach  
  152  15:28  Roach x2  
  160  15:37  Roach x3  
  160  15:39  Ravager x4  
  160  15:42  Roach  
  172  15:49  Roach x2  
  176  15:53  Roach  
  176  15:54  Roach  
  180  15:57  Roach  
  180  16:02  Roach x2  
  184  16:06  Roach  
  184  16:07  Roach  
  188  16:15  Roach  
  188  16:16  Roach x3  
  187  16:24  Roach x2  
  153  16:30  Roach x3  
  140  16:34  Roach x2  
  140  16:38  Roach  
  140  16:53  Ravager x6  
  146  16:55  Ravager x2  
  146  16:57  Roach  
  146  17:00  Hatchery  
  149  17:03  Roach  
  151  17:11  Roach x4  
  159  17:16  Roach x2  
  160  17:24  Roach  
  160  17:25  Roach x2  
  160  17:27  Roach  
  168  17:31  Roach  
  168  17:34  Roach  
  170  17:38  Roach x2  
  170  17:40  Roach  
  174  17:47  Roach x3  
  180  17:56  Roach x2  
  178  18:06  Roach x5  
  184  18:14  Roach x3  
  184  18:17  Roach  
  184  18:19  Roach  
  192  18:23  Roach x2  
  196  18:28  Roach x2  
  196  18:32  Overseer  
  194  18:35  Roach  
  194  18:38  Roach x3  
  182  18:43  Drone x3  
  182  18:44  Drone  
  182  18:46  Roach  
  186  18:49  Ravager x2  
  186  18:50  Ravager  
  186  18:51  Ravager x2  
  185  19:04  Roach x4  
  185  19:05  Roach x3  
  183  19:10  Roach x2  
  183  19:12  Roach  
  173  19:19  Roach x2  
  147  19:25  Roach  
  147  19:26  Roach x3  
  147  19:28  Roach x2  
  130  19:35  Roach x4  
  131  19:43  Roach  
  131  19:44  Roach x3  
  136  19:50  Roach  
  136  19:51  Roach x2  
  142  19:54  Roach  
  142  19:57  Roach  
  146  20:02  Roach x2  
  150  20:08  Roach x2  
  150  20:10  Roach x2  
  150  20:13  Roach x2  
  160  20:19  Roach x3  
  160  20:20  Ravager x2  
  160  20:21  Ravager x2  
  165  20:22  Ravager  
  165  20:23  Ravager  
  165  20:28  Roach x2  
  172  20:33  Roach  
  174  20:35  Overlord  
  174  20:36  Overlord  
  174  20:48  Overlord  
  174  20:55  Hatchery  
  173  21:01  Roach  
  173  21:02  Roach x4  
  167  21:05  Roach x4  
  167  21:06  Roach  
  177  21:14  Roach x3  
  177  21:18  Overseer  
  183  21:25  Roach  
  183  21:26  Roach x4  
  191  21:36  Roach  
  191  21:37  Roach x2  
  185  21:43  Roach x4  
  187  21:49  Roach x3  
  187  21:52  Roach  
  187  21:53  Roach  
  191  21:59  Roach  
  164  22:03  Roach x7  
  170  22:08  Roach x2  
  170  22:09  Roach  
  170  22:12  Roach  
  176  22:25  Roach x6  
  176  22:26  Roach  
  176  22:27  Ravager x2  
  192  22:30  Roach x2  
  194  22:45  Roach  
  194  23:08  Roach  
  194  23:09  Overlord  
  194  23:27  Roach  
  194  23:28  Roach x2  
  194  23:43  Roach  
  194  23:44  Roach x3  
  194  23:48  Roach x2  
  184  24:11  Roach x4  
  184  24:12  Roach x2  
  196  24:20  Roach  
  196  24:23  Overlord x2  
  181  24:26  Roach Warren  
  181  24:27  Overlord  
  181  24:29  Overlord x5  
  134  25:07  Roach  
  134  25:08  Roach x8  
  140  25:14  Roach x3  
  140  25:15  Roach x6  
  140  25:19  Roach x9  
  168  25:28  Roach  
  168  25:30  Roach x3  
  174  25:36  Roach  
  176  25:46  Roach x2  
  176  25:47  Roach  
  170  25:51  Roach x2  
Tags
 
Add a new tag
Caveats
  • Supply blocks, unpowered buildings, or Contaminate may cause inaccurate times.
  • Supply counts are checked every 10 seconds.